 Dungeon Crawl Stone Soup version 0.32-a0-683-ge26c5dbc97 (webtiles) character file.

Game seed: 11122413032907269703

2 GordonOverkill the Sneak (level 1, 0/13 HPs)
             Began as a Deep Elf Delver on Mar 12, 2024.
             Slain by a ball python (3 damage)
             ... on level 3 of the Dungeon.
             The game lasted 00:01:40 (345 turns).

GordonOverkill the Sneak (Deep Elf Delver)           Turns: 345, Time: 00:01:40

Health: 0/13       AC:  3    Str:  9    XL:     1   Next: 33%
Magic:  3/3        EV:  2    Int: 14    God:
Gold:   49         SH:  0    Dex: 16    Spells: 0/0 levels left

rFire   . . .        a - +0 short sword
rCold   . . .        (no shield)
rNeg    . . .        b - +0 leather armour
rPois   .            (no helmet)
rElec   .            (no cloak)
rCorr   .            (no gloves)
SInv    .            (no boots)
Will    .....        (no amulet)
Stlth   +++          (no ring)
HPRegen 0.22/turn    (no ring)
MPRegen 0.08/turn

%: no passive effects
@: constricted
A: no striking features
a: no special abilities


You were on level 3 of the Dungeon.
You visited 1 branch of the dungeon, and saw 4 of its levels.

You collected 49 gold pieces.

Inventory:

Hand Weapons
 a - a +0 short sword (weapon)
Armour
 b - a +0 leather armour (worn)
 h - a +0 buckler
Wands
 g - a wand of digging (3)
Scrolls
 c - a scroll of fog
Potions
 f - a potion of haste


   Skills:
 + Level 2.4 Fighting
 - Level 2.0 Short Blades
 - Level 2.4 Dodging
 - Level 6.0 Stealth
 + Level 0.4 Spellcasting
 + Level 0.3 Ice Magic


You couldn't memorise any spells.
You didn't know any spells.
Your spell library contained the following spells:

 Spells                   Type           Power      Damage    Failure   Level
 Frozen Ramparts          Ice            2%         1d1       71%         3
 Ozocubu's Armour         Ice            1%         N/A       71%         3
 Metabolic Englaciation   Hex/Ice        0%         N/A       100%        5


Dungeon Overview and Level Annotations

Branches:
Dungeon (6/15)             Temple (0/1) D:5

Altars:

Annotations:
D:5 Sigmund


Message History

You impale the orc!!
You kill the orc!
You see here a +0 dagger.
Found an escape hatch in the floor.
The bat hits you but does no damage. The bat misses you.
The bat hits you but does no damage.
You barely miss the bat. The bat barely misses you. The bat hits you.
The bat misses you. The bat hits you but does no damage.
You see here a +0 hand axe.
You closely miss the bat. The bat closely misses you. The bat misses you.
You hit the bat.
You kill the bat!
No target in view!
No target in view!
No target in view!
No target in view!
Found a stone staircase leading down.
A ball python comes into view.
A ball python is nearby!
An orc wizard comes into view. It is wielding a +0 dagger.
The orc wizard shouts!
You hear a shout!
An orc comes into view. It is wielding a +0 falchion.
The orc wizard casts a spell at you. The magic dart hits you.
* * * LOW HITPOINT WARNING * * *
You closely miss the ball python. The ball python barely misses you.
The ball python grabs you. The ball python constricts you.
You closely miss the ball python. The ball python bites you.
* * * LOW HITPOINT WARNING * * *
The ball python constricts you.
* * * LOW HITPOINT WARNING * * *
You hit the ball python.
The ball python is moderately wounded.
The ball python bites you but does no damage.
The ball python constricts you.
* * * LOW HITPOINT WARNING * * *
An orc comes into view. It is wielding a +0 flail.
You barely miss the ball python.
The ball python is moderately wounded.
The ball python bites you.
You die...

#.## #.# #.#
#.# # #.#
.o### ###.#
o..## #...#
....##.###
#..#.@#
#..#S######
#..o.......#
##.......#.#
##.#.##.#
#.#.# #
#>..# #####


You could see an orc and a ball python.

Vanquished Creatures
  An orc (D:3)
  A bat (D:3)
2 creatures vanquished.

Notes
Turn   | Place    | Note
-------+----------+-------------------------------------------
     0 | D:5      | GordonOverkill the Deep Elf Delver began the quest for the
                  | Orb.
     0 | D:5      | Reached XP level 1. HP: 13/13 MP: 3/3
    16 | D:6      | Noticed a bombardier beetle
    87 | D:5      | Noticed an orc priest
   168 | D:5      | Noticed an iguana
   179 | D:5      | Noticed Sigmund
   194 | D:5      | Noticed a jelly
   207 | D:5      | Noticed a jelly
   339 | D:3      | Noticed an orc wizard
   345 | D:3      | Slain by a ball python

Illustrated notes

Levels and vault maps discovered:
D:3:      layout_basic, gammafunk_ghost_smash
D:4:      layout_rooms, ebering_ghost_rock_garden, serial_park_tiny_pond,
          uniq_natasha
D:5:      layout_basic, minmay_temple_entry_fiery, serial_park_tiny_1,
          chequers_serial_rivers_micro_a, uniq_sigmund
D:6:      layout_loops_ring, jmf_multi_god_temple2

Action                     || total
---------------------------++-------
  Melee: Short sword       ||     8
    Use: Scroll            ||     2
   Stab: Sleeping          ||     1
 Armour: Leather armour    ||    12
  Dodge: Dodged            ||     6

Table legend: (Time is in decaauts)
 A = Elapsed time spent in this place.
 B = Non-inter-level travel time spent in this place.
 C = Inter-level travel time spent in this place.
 D = Time resting spent in this place.
 E = Time spent auto-exploring this place.
 F = Levels seen in this place.
 G = Mean time per level.
                   A        B        C        D        E       F      G
               +--------+--------+--------+--------+--------+-----+--------+
         Total |    344 |    344 |      0 |      0 |      0 |   4 |   86.0 |
       Dungeon |    344 |    344 |      0 |      0 |      0 |   4 |   86.0 |
               +--------+--------+--------+--------+--------+-----+--------+

Top non-repeatable levels by time:
     D:5: 193 daAuts
     D:4: 54 daAuts
     D:3: 53 daAuts
     D:6: 42 daAuts
